 Dungeon Crawl Stone Soup version 0.29.0-4-gdea44cf6ec (webtiles) character file.

Game seed: 10472296155625537157

60897 qw the Severer (level 15, 0/96 HPs)
             Began as a Gargoyle Berserker on Sept 6, 2022.
             Was an Elder of Trog.
             Slain by a fire elemental (11 damage)
             ... led by Azrael
             ... on level 12 of the Dungeon.
             The game lasted 00:06:57 (18831 turns).

qw the Severer (Gargoyle Berserker)                Turns: 18831, Time: 00:06:58

Health: 0/96       AC: 33    Str: 34    XL:     15   Next: 1%
Magic:  15/15      EV:  9    Int: 14    God:    Trog [****..]
Gold:   984        SH: 11    Dex:  9    Spells: 14/14 levels left

rFire   . . .      SeeInvis .   s - +1 broad axe (vamp)
rCold   + . .      Faith    .   c - +0 kite shield
rNeg    + . .      Spirit   .   w - +0 shadow dragon scales
rPois   inf        Reflect  .   n - +1 hat of Degy {rElec rC+ Slay+5}
rElec   +          Harm     .   u - +0 cloak
rCorr   +          Rampage  .   j - +2 pair of gloves
Will    ++...      Clarity  +   (no boots)
Stlth   +++.......              a - amulet of regeneration
HPRegen 1.06/turn               h - +6 ring of strength
MPRegen 0.14/turn               y - ring "Feodo" {Will+ rCorr Int+6 Stlth+}

@: about to teleport, on berserk cooldown, flying, slowed, very slow
A: sickness immunity, AC +11, big wings, negative energy resistance 1,
electricity resistance, torment resistance 1, petrification resistance, clarity
a: Renounce Religion, Berserk, Trog's Hand, Brothers in Arms


You were on level 12 of the Dungeon.
You worshipped Trog.
Trog was greatly pleased with you.
You visited 2 branches of the dungeon, and saw 17 of its levels.
You also visited: Sewer and Gauntlet.

You collected 1480 gold pieces.
You spent 496 gold pieces at shops.


Innate Abilities, Weirdness & Mutations

You are immune to sickness and miasma.
Your stone body is resilient. (AC +11)
You are immune to poison.
Your large and strong wings let you fly.
You resist negative energy. (rN+)
You are resistant to electric shocks. (rElec)
You are resistant to unholy torment.
You are immune to petrification.
You possess an exceptional clarity of mind.


   Skills:
 - Level 12.1 Fighting
 - Level 16.0 Axes
 - Level 5.2 Throwing
 - Level 11.0 Armour
 - Level 3.0 Dodging
 + Level 12.9 Shields


You had 14 spell levels left.
You didn't know any spells.
Your spell library was empty.

Inventory:

Hand Weapons
 s - a +1 vampiric broad axe (weapon)
 t - a +3 morningstar of freezing
Missiles
 k - 8 boomerangs (quivered)
Armour
 c - a +0 kite shield (worn)
 j - a +2 pair of gloves (worn)
 n - the +1 hat of Degy (worn) {rElec rC+ Slay+5}
   (You found it in a Gauntlet)

   Slay:      It affects your accuracy & damage with ranged weapons and melee
   (+5).
   rC:        It protects you from cold.
   rElec:     It insulates you from electricity.
 u - a +0 cloak (worn)
 w - +0 shadow dragon scales (worn)
Jewellery
 a - an amulet of regeneration (around neck)
 h - a +6 ring of strength (left hand)
 x - a ring of protection from cold
 y - the ring "Feodo" (right hand) {Will+ rCorr Int+6 Stlth+}
   (You found it on level 5 of the Lair of Beasts)

   [ring of intelligence]

   Int:       It affects your intelligence (+6).
   rCorr:     It protects you from acid and corrosion.
   Will:      It increases your willpower.
   Stlth:     It makes you more stealthy.
 z - a ring of fire
Scrolls
 f - 10 scrolls of teleportation
 g - 9 scrolls of identify
 o - a scroll of brand weapon
Potions
 b - 5 potions of heal wounds
 d - 2 potions of curing
 e - a potion of cancellation
 i - a potion of resistance
 m - a potion of haste
 r - 2 potions of mutation

Dungeon Overview and Level Annotations

Branches:
Dungeon (12/15)            Temple (0/1) D:6            Lair (5/5) D:11
  Swamp (0/4) Lair:3        Snake (0/4) Lair:3        Slime (0/5) Lair:4
  Sewer (visited)         Gauntlet (visited)
    Orc: D:9-12

Altars:
Fedhas
Gozag
Nemelex Xobeh
Ru
Trog
Uskayaw
Wu Jian
Yredelemnul
Zin
Jiyva

Shops:
D:4 (   D:6 *   D:10 (   D:12 :

Annotations:
D:3 2 transporters
D:12 Azrael


Message History

The hell hound is severely wounded.
You slash the skeletal warrior! You completely miss the yak.
You hit the hell hound. You hit the fire elemental.
The hell hound breathes flames at you. The blast of flame hits you!
You block the hell hound's attack. The fire elemental hits you.
You block the yak's attack.
The skeletal warrior hits you with a +0 mace!
Your ogre hits the hell hound with a +0 giant spiked club!
You block the hell hound's attack.
The hell hound bites you but does no damage.
The fire elemental hits you. The fire elemental burns you!
The skeletal warrior closely misses you.
You slash the skeletal warrior!
You destroy the skeletal warrior!
Trog accepts your kill.
You hit the yak. You closely miss the hell hound.
You barely miss the hell hound. You barely miss the fire elemental.
Your ogre completely misses the hell hound.
The hell hound bites you but does no damage. x2
You block the fire elemental's attack. The fire elemental hits you.
The fire elemental burns you! The yak gores you but does no damage.
The hell hound bites you! The hell hound closely misses you.
Your ogre completely misses the hell hound.
You have reached level 15!
Your experience leads to an increase in your attributes!
Your base attributes are Str 26, Int 8, Dex 9.
Increase (S)trength, (I)ntelligence, or (D)exterity?
You feel stronger. x2
18831 ||| READING 11 scrolls of teleportation.
As you read the scroll of teleportation, it crumbles to dust.
You feel strangely unstable. The fire elemental hits you.
The fire elemental burns you! You block the hell hound's attack.
The fire elemental barely misses you. The hell hound breathes flames at you.
The blast of flame hits you but does no damage.
The blast of flame hits the fire elemental.
The fire elemental completely resists.
You block the yak's attack.
The skeletal warrior hits you but does no damage.
The fire elemental hits you. The fire elemental burns you!
You die...

#..............
#...........0..
#..#.......0...
..........0...
#.......0.!..
#...YEz0....
#..EEYR.....
####...@hY.....
####.......h......
.......(..O.......
..........>.......
..................
#######...........
####...........
#..............
#....%%.>.....


You could see Azrael, a skeletal warrior, 3 yaks, 3 fire elementals, 2 hell
hounds and a friendly ogre (summoned, berserk).

Vanquished Creatures
  Gastronok (Lair:2)
  A reaper (Gauntlet)
  3 dire elephants (Lair:5)
  A minotaur (Gauntlet)
  4 hydras
  A two-headed ogre (D:8)
  A boulder beetle (Lair:3)
  A catoblepas (Lair:5)
  A centaur warrior (D:9)
  9 death yaks
  A tengu warrior (D:9)
  2 skeletal warriors (D:12)
  A spectral death yak (Lair:5)
  A spectral anaconda (Lair:5)
  A lindwurm (Lair:5)
  4 necromancers (Lair:5)
  A deep elf zephyrmancer (D:7)
  A manticore (D:11)
  4 oklob plants (Lair:4)
  13 elephants
  A black mamba (Lair:4)
  2 dire elephant zombies (Lair:5)
  An unseen horror (D:10)
  12 cane toads
  7 komodo dragons
  3 rime drakes
  A kobold demonologist (D:9)
  3 polar bears (Lair:5)
  A hellwing (Gauntlet)
  4 trolls
  2 hornets (D:9)
  19 blink frogs
  14 dream sheep (Lair:5)
  A spectral elephant (Lair:5)
  2 vampires
  34 yaks
  A dire elephant simulacrum (Lair:5)
  6 wyverns
  2 steam dragons (D:9)
  8 basilisks
  12 vampire mosquitoes
  A spectral cane toad (Lair:5)
  2 nagas (Lair:3)
  4 acid dragons
  3 swamp worms (D:8)
  12 water moccasins
  Pargi (Sewer)
  4 orc warriors
  2 elephant zombies (Lair:5)
  An ogre (D:4)
  4 black bears
  3 centaurs
  A sky beast (D:8)
  7 wolves
  3 elephant skeletons (Lair:5)
  4 kobold brigands
  2 necrophages
  15 bullfrogs
  A gnoll sergeant (D:5)
  2 scorpions (D:6)
  5 wights
  An elephant simulacrum (Lair:5)
  A killer bee (D:9)
  An electric eel (Lair:3)
  5 howler monkeys
  8 hounds
  2 gnoll boudas
  2 orc priests
  A jelly (D:4)
  Ijyb (D:4)
  3 iguanas
  8 orc wizards
  5 hell rats (Lair:4)
  A centaur simulacrum (D:9)
  6 gnolls (D:5)
  6 adders
  2 river rats (D:4)
  2 shadow imps (Gauntlet)
  A white imp (D:7)
  2 ufetubi (D:5)
  2 worms
  3 dart slugs
  47 orcs
  6 ball pythons
  10 bats
  7 endoplasms
  2 giant cockroaches
  6 goblins
  2 hobgoblins
  7 jackals
  22 kobolds
  5 quokkas
  3 frilled lizards
  6 rats
451 creatures vanquished.

Vanquished Creatures (collateral kills)
  A hydra (Lair:1)
  2 obsidian statues
  A komodo dragon (Lair:1)
  A troll (D:11)
5 creatures vanquished.

Vanquished Creatures (others)
  Maurice (D:11)
  31 fungi
  28 plants
  35 withered plants
95 creatures vanquished.

Grand Total: 551 creatures vanquished

Notes
Turn   | Place    | Note
-------+----------+-------------------------------------------
     0 | D:1      | qw the Gargoyle Berserker began the quest for the Orb.
     0 | D:1      | Reached XP level 1. HP: 14/14 MP: 1/1
     0 | D:1      | 0 ||| qw: Version: 0.1-a-108-g9e35731
     0 | D:1      | 0 ||| qw: Game counter: 6211
     0 | D:1      | 0 ||| qw: Always use a shield: true
     0 | D:1      | 0 ||| qw: Do Orc after D:15 true
     0 | D:1      | 0 ||| qw: Do second Lair branch before Depths: true
     0 | D:1      | 0 ||| qw: Lair rune preference: random
     0 | D:1      | 0 ||| qw: Plans: Normal
     0 | D:1      | 0 ||| PLANNING D:1-11
    53 | D:1      | Reached skill level 3 in Axes
   202 | D:1      | 202 ||| Stepping ~*~*~tactically~*~*~ (stealth).
   210 | D:1      | Reached XP level 2. HP: 19/19 MP: 2/2
   724 | D:1      | 724 ||| Stepping ~*~*~tactically~*~*~ (hiding).
   727 | D:1      | 727 ||| Stepping ~*~*~tactically~*~*~ (hiding).
  1242 | D:1      | 1242 ||| INVOKING Berserk.
  1470 | D:1      | 1470 ||| SWAPPING to +0 war axe.
  1474 | D:1      | 1474 ||| DROPPING +0 hand axe.
  1554 | D:1      | 1554 ||| UPGRADING to amulet of regeneration.
  1559 | D:1      | 1559 ||| READING scroll labelled SILURI SEOFEO.
  1560 | D:1      | 1560 ||| READING scroll labelled DOV JIVVYI.
  1565 | D:1      | 1565 ||| READING scroll labelled FAMUME COLOWK.
  1569 | D:1      | 1569 ||| READING scroll labelled ESOUMI RULEEM.
  1570 | D:1      | 1570 ||| READING scroll labelled MIAHOC PAYBBI.
  1640 | D:2      | 1640 ||| Stepping ~*~*~tactically~*~*~ (stealth).
  1642 | D:2      | Reached XP level 3. HP: 23/23 MP: 3/3
  1905 | D:2      | Reached skill level 4 in Axes
  1915 | D:2      | Reached ** piety under Trog
  2003 | D:2      | 2003 ||| Stepping ~*~*~tactically~*~*~ (stealth).
  2006 | D:2      | 2006 ||| Stepping ~*~*~tactically~*~*~ (stealth).
  2210 | D:2      | Reached XP level 4. HP: 28/28 MP: 4/4
  2341 | D:2      | 2341 ||| DROPPING orb of light.
  2342 | D:2      | 2342 ||| UPGRADING to +0 pair of gloves.
  2347 | D:2      | 2347 ||| READING scroll labelled BOBIMM UXOAMP.
  2348 | D:2      | 2348 ||| READING scroll labelled WIEMI ITHASEGU.
  2349 | D:2      | 2349 ||| DRINKING 2 clear potions.
  2377 | D:2      | 2377 ||| DROPPING potion of lignification.
  2596 | D:3      | 2596 ||| INVOKING Berserk.
  2701 | D:3      | Found a bloodstained altar of Trog.
  2715 | D:3      | Found a transporter.
  2718 | D:3      | 2718 ||| UPGRADING to +0 scale mail.
  2730 | D:3      | Reached skill level 5 in Axes
  2730 | D:3      | 2730 ||| DROPPING +0 animal skin.
  2857 | D:3      | Reached XP level 5. HP: 28/32 MP: 5/5
  3013 | D:3      | Found a transporter.
  3037 | D:3      | 3037 ||| UPGRADING to +0 chain mail.
  3047 | D:3      | 3047 ||| DROPPING +0 scale mail.
  3103 | D:3      | 3103 ||| DROPPING ring of flight.
  3104 | D:3      | 3104 ||| READING scroll labelled EROPOSTIOZ.
  3105 | D:3      | 3105 ||| READING scroll labelled DUFUAGOIJI.
  3118 | D:4      | 3118 ||| PLANNING SEWER
  3119 | D:4      | 3119 ||| STAIRDANCE
  3128 | D:4      | 3128 ||| STAIRDANCE
  3134 | D:4      | 3134 ||| STAIRDANCE
  3205 | D:4      | Found a hide-covered altar of Uskayaw.
  3271 | D:4      | Noticed Ijyb
  3272 | D:4      | 3272 ||| Stepping ~*~*~tactically~*~*~ (hiding).
  3273 | D:4      | 3273 ||| Stepping ~*~*~tactically~*~*~ (hiding).
  3278 | D:4      | 3278 ||| INVOKING Berserk.
  3280 | D:4      | Killed Ijyb
  3356 | D:4      | Reached XP level 6. HP: 38/38 MP: 6/6
  3380 | D:4      | Found a sparkling altar of Nemelex Xobeh.
  3396 | D:4      | Found Navich's Weapon Boutique.
  3412 | D:4      | 3412 ||| BUYING +0 flail (42 gold).
  3412 | D:4      | Bought a +0 flail for 42 gold pieces
  3412 | D:4      | 3412 ||| SHOPLISTING +2 flail of draining (219 gold, have
                  | 177).
  3412 | D:4      | 3412 ||| DROPPING +0 mace.
  3427 | D:4      | 3427 ||| Stepping ~*~*~tactically~*~*~ (stealth).
  3428 | D:4      | 3428 ||| INVOKING Berserk.
  3432 | D:4      | Reached skill level 6 in Axes
  3549 | D:4      | Found a glowing drain.
  3561 | D:4      | 3561 ||| READING scroll labelled PUSIME XASIC.
  3562 | D:4      | 3562 ||| READING scroll labelled RIULEM XAYZEO.
  3571 | Sewer    | Entered a sewer
  3579 | Sewer    | Reached *** piety under Trog
  3599 | Sewer    | Noticed Pargi
  3610 | Sewer    | Killed Pargi
  3611 | Sewer    | Reached skill level 3 in Armour
  3611 | Sewer    | Reached XP level 7. HP: 43/43 MP: 7/7
  3631 | Sewer    | 3631 ||| DROPPING potion of berserk rage.
  3652 | D:4      | 3652 ||| PLANNING D:1-11
  3873 | D:4      | 3873 ||| Stepping ~*~*~tactically~*~*~ (stealth).
  3874 | D:4      | 3874 ||| Stepping ~*~*~tactically~*~*~ (stealth).
  3959 | D:5      | Entered Level 5 of the Dungeon
  3979 | D:5      | 3979 ||| Stepping ~*~*~tactically~*~*~ (hiding).
  3984 | D:5      | 3984 ||| INVOKING Berserk.
  4166 | D:5      | Reached skill level 7 in Axes
  4197 | D:5      | 4197 ||| Stepping ~*~*~tactically~*~*~ (hiding).
  4360 | D:5      | Reached skill level 1 in Throwing
  4362 | D:5      | Reached XP level 8. HP: 38/49 MP: 8/8
  4689 | D:5      | 4689 ||| DRINKING 2 fuming sapphire potions.
  4690 | D:5      | 4690 ||| DRINKING 2 fuming cyan potions.
  4720 | D:6      | Found Ashrul's General Store.
  4728 | D:6      | 4728 ||| BUYING +0 helmet (63 gold).
  4728 | D:6      | Bought a +0 helmet for 63 gold pieces
  4728 | D:6      | 4728 ||| SHOPLISTING +6 ring of strength (504 gold, have
                  | 218).
  4728 | D:6      | 4728 ||| SHOPLISTING scroll of acquirement (728 gold, have
                  | 218).
  4728 | D:6      | 4728 ||| BUYING scroll of identify (28 gold).
  4728 | D:6      | Bought a scroll of identify for 28 gold pieces
  4832 | D:6      | Found a basalt altar of Yredelemnul.
  4834 | D:6      | Found a staircase to the Ecumenical Temple.
  4839 | D:6      | Found an opulent altar of Gozag.
  4900 | D:6      | 4900 ||| Stepping ~*~*~tactically~*~*~ (hiding).
  4903 | D:6      | 4903 ||| Stepping ~*~*~tactically~*~*~ (hiding).
  4913 | D:6      | Reached skill level 8 in Axes
  4913 | D:6      | 4913 ||| Stepping randomly (disturbance).
  5097 | D:6      | You fall into a shaft and drop 1 floor!
  5118 | D:7      | Reached skill level 6 in Fighting
  5208 | D:7      | 5208 ||| UPGRADING to +0 helmet.
  5213 | D:7      | 5213 ||| UPGRADING to ring of resist corrosion.
  5214 | D:7      | 5214 ||| DRINKING 2 brown potions.
  5215 | D:7      | 5215 ||| READING 4 scrolls of identify.
  5215 | D:7      | 5215 ||| IDENTIFYING pink potion
  5216 | D:7      | 5216 ||| READING 3 scrolls of identify.
  5216 | D:7      | 5216 ||| IDENTIFYING viscous red potion
  5217 | D:7      | 5217 ||| READING 2 scrolls of identify.
  5217 | D:7      | 5217 ||| IDENTIFYING bubbling coppery potion
  5218 | D:7      | 5218 ||| DROPPING potion of attraction.
  5219 | D:7      | 5219 ||| DROPPING potion of ambrosia.
  5228 | D:6      | Found a glowing silver altar of Zin.
  5228 | D:6      | Found an ornate altar of the Wu Jian Council.
  5228 | D:6      | Found a sacrificial altar of Ru.
  5236 | D:6      | 5236 ||| READING 3 scrolls of teleportation.
  5308 | D:6      | 5308 ||| STAIRDANCE
  5312 | D:5      | Reached **** piety under Trog
  5349 | D:6      | 5349 ||| Stepping ~*~*~tactically~*~*~ (stealth).
  5535 | D:7      | 5535 ||| Stepping ~*~*~tactically~*~*~ (hiding).
  5536 | D:7      | 5536 ||| Stepping ~*~*~tactically~*~*~ (hiding).
  5537 | D:7      | 5537 ||| INVOKING Berserk.
  5548 | D:7      | 5548 ||| Stepping ~*~*~tactically~*~*~ (hiding).
  5653 | D:7      | 5653 ||| DROPPING +0 flail.
  5710 | D:7      | 5710 ||| Stepping ~*~*~tactically~*~*~ (stealth).
  5711 | D:7      | 5711 ||| Stepping ~*~*~tactically~*~*~ (stealth).
  5712 | D:7      | 5712 ||| Stepping ~*~*~tactically~*~*~ (stealth).
  5713 | D:7      | 5713 ||| Stepping ~*~*~tactically~*~*~ (stealth).
  5732 | D:7      | 5732 ||| FLEEEEING.
  5742 | D:7      | Reached skill level 9 in Axes
  5742 | D:7      | Reached XP level 9. HP: 47/55 MP: 9/9
  6312 | D:7      | Noticed a deep elf zephyrmancer
  6316 | D:7      | 6316 ||| Stepping ~*~*~tactically~*~*~ (hiding).
  6324 | D:7      | Killed a deep elf zephyrmancer
  6529 | D:8      | 6529 ||| Stepping ~*~*~tactically~*~*~ (stealth).
  6580 | D:8      | 6580 ||| Stepping ~*~*~tactically~*~*~ (hiding).
  6594 | D:8      | 6594 ||| INVOKING Berserk.
  6648 | D:8      | Noticed a two-headed ogre
  6651 | D:8      | 6651 ||| INVOKING Berserk.
  6655 | D:8      | Killed a two-headed ogre
  6656 | D:8      | Reached skill level 10 in Axes
  6825 | D:8      | Reached XP level 10. HP: 64/64 MP: 10/10
  7018 | D:8      | 7018 ||| Stepping ~*~*~tactically~*~*~ (stealth).
  7019 | D:8      | 7019 ||| Stepping ~*~*~tactically~*~*~ (stealth).
  7021 | D:8      | 7021 ||| Stepping ~*~*~tactically~*~*~ (stealth).
  7022 | D:8      | 7022 ||| Stepping ~*~*~tactically~*~*~ (stealth).
  7026 | D:8      | Reached skill level 6 in Armour
  7027 | D:8      | 7027 ||| Stepping ~*~*~tactically~*~*~ (stealth).
  7037 | D:8      | Reached skill level 11 in Axes
  7338 | D:8      | 7338 ||| UPGRADING to +0 plate armour.
  7348 | D:8      | 7348 ||| DROPPING +0 chain mail.
  7349 | D:8      | 7349 ||| DROPPING +6 ring of intelligence.
  7350 | D:8      | 7350 ||| READING scroll labelled YHANOY XAOTU.
  7566 | D:9      | Found a blossoming altar of Fedhas.
  7677 | D:9      | 7677 ||| INVOKING Berserk.
  7823 | D:9      | 7823 ||| Stepping ~*~*~tactically~*~*~ (stealth).
  7824 | D:9      | Noticed a tengu warrior
  7826 | D:9      | 7826 ||| Stepping ~*~*~tactically~*~*~ (stealth).
  7842 | D:9      | 7842 ||| INVOKING Berserk.
  7846 | D:9      | Killed a tengu warrior
  7847 | D:9      | Reached skill level 9 in Fighting
  7877 | D:9      | Noticed a centaur warrior
  7887 | D:9      | Reached XP level 11. HP: 22/72 MP: 11/11
  7889 | D:9      | HP: 16/72 [centaur warrior (6)]
  7890 | D:9      | 7890 ||| READING 4 scrolls of teleportation.
  7891 | D:9      | 7891 ||| DRINKING potion of heal wounds.
  8074 | D:9      | 8074 ||| INVOKING Berserk.
  8099 | D:9      | Noticed a soul eater
  8140 | D:9      | 8140 ||| Stepping ~*~*~tactically~*~*~ (stealth).
  8143 | D:9      | 8143 ||| INVOKING Berserk.
  8245 | D:9      | 8245 ||| Stepping ~*~*~tactically~*~*~ (stealth).
  8246 | D:9      | 8246 ||| Stepping ~*~*~tactically~*~*~ (stealth).
  8259 | D:9      | Reached skill level 12 in Axes
  8342 | D:9      | 8342 ||| Stepping ~*~*~tactically~*~*~ (stealth).
  8344 | D:9      | 8344 ||| Stepping ~*~*~tactically~*~*~ (hiding).
  8352 | D:9      | 8352 ||| INVOKING Berserk.
  8355 | D:9      | Killed a centaur warrior
  8562 | D:9      | 8562 ||| UPGRADING to +0 kite shield.
  8567 | D:9      | 8567 ||| READING scroll labelled OSHRAPE OWYAT.
  8668 | D:9      | 8668 ||| DRINKING 2 silvery potions.
  8669 | D:9      | 8669 ||| DROPPING potion of invisibility.
  8705 | D:10     | Entered Level 10 of the Dungeon
  8709 | D:10     | 8709 ||| INVOKING Berserk.
  8712 | D:10     | Reached skill level 1 in Shields
  8719 | D:10     | 8719 ||| STAIRDANCE
  8830 | D:10     | 8830 ||| Stepping ~*~*~tactically~*~*~ (stealth).
  8870 | D:10     | 8870 ||| Stepping ~*~*~tactically~*~*~ (stealth).
  8872 | D:10     | 8872 ||| Stepping ~*~*~tactically~*~*~ (hiding).
  8873 | D:10     | 8873 ||| Stepping ~*~*~tactically~*~*~ (hiding).
  9034 | D:10     | 9034 ||| INVOKING Berserk.
  9038 | D:10     | Reached skill level 3 in Shields
  9215 | D:10     | Found Ocoihu's Antique Weapon Emporium.
  9223 | D:10     | 9223 ||| BUYING broad axe (132 gold).
  9223 | D:10     | Bought a broad axe for 132 gold pieces
  9223 | D:10     | 9223 ||| BUYING glowing morningstar (231 gold).
  9223 | D:10     | Bought a glowing morningstar for 231 gold pieces
  9223 | D:10     | 9223 ||| SWAPPING to +0 broad axe.
  9224 | D:10     | 9224 ||| DROPPING +0 flail of protection.
  9225 | D:10     | 9225 ||| DROPPING +0 spectral war axe.
  9402 | D:10     | 9402 ||| Stepping ~*~*~tactically~*~*~ (hiding).
  9575 | D:10     | 9575 ||| INVOKING Berserk.
  9926 | D:10     | 9926 ||| DROPPING amulet of magic regeneration.
  9979 | D:11     | 9979 ||| Stepping ~*~*~tactically~*~*~ (stealth).
  9985 | D:11     | 9985 ||| Stepping ~*~*~tactically~*~*~ (stealth).
  9991 | D:11     | 9991 ||| DRINKING 2 potions of curing.
  9991 | D:11     | 9991 ||| (to cure confusion)
 10009 | D:11     | 10009 ||| Stepping ~*~*~tactically~*~*~ (stealth).
 10065 | D:11     | Reached ***** piety under Trog
 10087 | D:11     | 10087 ||| READING scroll of brand weapon.
 10087 | D:11     | 10087 ||| BRANDING +0 broad axe.
 10178 | D:11     | 10178 ||| Stepping ~*~*~tactically~*~*~ (hiding).
 10184 | D:11     | 10184 ||| INVOKING Berserk.
 10202 | D:11     | Reached skill level 6 in Shields
 10310 | D:11     | Found a staircase to the Lair.
 10347 | D:11     | Noticed a manticore
 10348 | D:11     | 10348 ||| INVOKING Berserk.
 10351 | D:11     | Killed a manticore
 10356 | D:11     | 10356 ||| Stepping ~*~*~tactically~*~*~ (hiding).
 10369 | D:11     | 10369 ||| Stepping ~*~*~tactically~*~*~ (stealth).
 10371 | D:11     | 10371 ||| INVOKING Brothers in Arms.
 10541 | D:11     | Noticed Maurice
 10542 | D:11     | 10542 ||| Stepping ~*~*~tactically~*~*~ (hiding).
 10545 | D:11     | 10545 ||| Stepping ~*~*~tactically~*~*~ (hiding).
 10546 | D:11     | 10546 ||| Stepping ~*~*~tactically~*~*~ (hiding).
 10548 | D:11     | 10548 ||| Stepping ~*~*~tactically~*~*~ (hiding).
 10550 | D:11     | 10550 ||| Stepping ~*~*~tactically~*~*~ (hiding).
 10559 | D:11     | Killed Maurice
 10647 | D:11     | 10647 ||| PLANNING LAIR
 10647 | D:11     | 10647 ||| UPGRADING to +0 cloak.
 10652 | D:11     | 10652 ||| READING scroll labelled BUSSOR SIWIHE.
 10653 | D:11     | 10653 ||| READING scroll labelled RIKKEI XIALA.
 10654 | D:11     | 10654 ||| READING 7 scrolls of identify.
 10654 | D:11     | 10654 ||| IDENTIFYING metallic clear potion
 10655 | D:11     | 10655 ||| READING 6 scrolls of identify.
 10655 | D:11     | 10655 ||| IDENTIFYING sapphire potion
 10656 | D:11     | 10656 ||| READING 5 scrolls of identify.
 10656 | D:11     | 10656 ||| IDENTIFYING viscous golden potion
 10657 | D:11     | 10657 ||| DROPPING potion of degeneration.
 10658 | D:11     | 10658 ||| DROPPING potion of brilliance.
 10671 | Lair:1   | Entered Level 1 of the Lair of Beasts
 10811 | Lair:1   | 10811 ||| INVOKING Berserk.
 10973 | Lair:1   | Noticed a six-headed hydra
 10974 | Lair:1   | 10974 ||| INVOKING Brothers in Arms.
 10976 | Lair:1   | 10976 ||| SWAPPING to +3 morningstar of freezing.
 10977 | Lair:1   | 10977 ||| INVOKING Berserk.
 10978 | Lair:1   | Killed a six-headed hydra
 10981 | Lair:1   | 10981 ||| SWAPPING to +0 vampiric broad axe.
 10986 | Lair:1   | Reached XP level 12. HP: 74/77 MP: 12/12
 11151 | Lair:1   | Reached skill level 9 in Shields
 11262 | Lair:1   | Noticed a six-headed hydra
 11263 | Lair:1   | 11263 ||| INVOKING Brothers in Arms.
 11265 | Lair:1   | 11265 ||| SWAPPING to +3 morningstar of freezing.
 11266 | Lair:1   | 11266 ||| INVOKING Berserk.
 11268 | Lair:1   | Killed a six-headed hydra
 11274 | Lair:1   | 11274 ||| SWAPPING to +0 vampiric broad axe.
 11424 | Lair:1   | 11424 ||| INVOKING Berserk.
 11551 | Lair:1   | Noticed a five-headed hydra
 11552 | Lair:1   | 11552 ||| INVOKING Brothers in Arms.
 11554 | Lair:1   | 11554 ||| SWAPPING to +3 morningstar of freezing.
 11555 | Lair:1   | 11555 ||| INVOKING Berserk.
 11562 | Lair:1   | Killed a five-headed hydra
 11572 | Lair:1   | 11572 ||| SWAPPING to +0 vampiric broad axe.
 11576 | Lair:1   | Reached skill level 9 in Armour
 11901 | Lair:1   | 11901 ||| INVOKING Berserk.
 12115 | Lair:1   | 12115 ||| READING scroll labelled IVOUFURGHUC.
 12116 | Lair:1   | 12116 ||| READING 4 scrolls of identify.
 12116 | Lair:1   | 12116 ||| IDENTIFYING amethyst potion
 12117 | Lair:1   | 12117 ||| DROPPING potion of flight.
 12137 | Lair:2   | 12137 ||| INVOKING Berserk.
 12302 | Lair:2   | 12302 ||| Stepping ~*~*~tactically~*~*~ (hiding).
 12430 | Lair:2   | 12430 ||| INVOKING Berserk.
 12807 | Lair:2   | 12807 ||| Stepping ~*~*~tactically~*~*~ (stealth).
 12810 | Lair:2   | 12810 ||| INVOKING Berserk.
 12834 | Lair:2   | 12834 ||| FLEEEEING.
 12835 | Lair:2   | 12835 ||| FLEEEEING.
 12840 | Lair:2   | 12840 ||| FLEEEEING.
 12841 | Lair:2   | 12841 ||| STAIRDANCE
 12945 | Lair:2   | 12945 ||| INVOKING Berserk.
 12955 | Lair:2   | 12955 ||| STAIRDANCE
 13384 | Lair:2   | 13384 ||| Stepping ~*~*~tactically~*~*~ (hiding).
 13395 | Lair:2   | Reached skill level 13 in Axes
 13412 | Lair:2   | Noticed Gastronok
 13413 | Lair:2   | 13413 ||| Stepping ~*~*~tactically~*~*~ (hiding).
 13417 | Lair:2   | 13417 ||| Stepping ~*~*~tactically~*~*~ (hiding).
 13423 | Lair:2   | 13423 ||| INVOKING Berserk.
 13439 | Lair:2   | Killed Gastronok
 13897 | Lair:3   | 13897 ||| PLANNING GAUNTLET
 13897 | Lair:3   | Found a staircase to the Snake Pit.
 13931 | Lair:3   | 13931 ||| Stepping ~*~*~tactically~*~*~ (water).
 13948 | Lair:3   | Found a gate leading to a gauntlet.
 13951 | Lair:3   | 13951 ||| Stepping ~*~*~tactically~*~*~ (hiding).
 13976 | Lair:3   | Reached XP level 13. HP: 79/82 MP: 13/13
 13987 | Gauntlet | Entered a Gauntlet
 13987 | Gauntlet | Found a transporter.
 13987 | Gauntlet | Found a transporter.
 13987 | Gauntlet | Found a transporter.
 13991 | Gauntlet | Found a transporter.
 13991 | Gauntlet | Found a transporter.
 13998 | Gauntlet | Noticed a reaper
 14001 | Gauntlet | Found a transporter.
 14015 | Gauntlet | Found a transporter.
 14020 | Gauntlet | Found a transporter.
 14042 | Gauntlet | Found a transporter.
 14048 | Gauntlet | Found a transporter.
 14066 | Gauntlet | Found a transporter.
 14118 | Gauntlet | Found a transporter.
 14200 | Gauntlet | 14200 ||| INVOKING Brothers in Arms.
 14201 | Gauntlet | 14201 ||| INVOKING Brothers in Arms.
 14202 | Gauntlet | 14202 ||| INVOKING Brothers in Arms.
 14203 | Gauntlet | 14203 ||| INVOKING Brothers in Arms.
 14204 | Gauntlet | Gained mutation: You possess an exceptional clarity of
                  | mind. [a neqoxec]
 14225 | Gauntlet | 14225 ||| DROPPING amulet of guardian spirit.
 14226 | Gauntlet | 14226 ||| UPGRADING to ring of protection from cold.
 14235 | Gauntlet | 14235 ||| Stepping randomly (stuck).
 14236 | Gauntlet | 14236 ||| Stepping randomly (stuck).
 14244 | Gauntlet | 14244 ||| INVOKING Berserk.
 14245 | Gauntlet | HP: 25/123 [reaper/+1 scythe of venom (18)]
 14248 | Gauntlet | Killed a reaper
 14248 | Gauntlet | HP: 7/123 [hellwing (9)]
 14324 | Gauntlet | Identified the +1 hat of Degy {rElec rC+ Slay+5}
 14326 | Gauntlet | 14326 ||| DROPPING +3 hat of Pondering {ponderous, Will+
                  | MP+10 Int+5}.
 14327 | Gauntlet | 14327 ||| UPGRADING to +1 hat of Degy {rElec rC+ Slay+5}.
 14337 | Gauntlet | 14337 ||| DROPPING +0 helmet.
 14348 | Gauntlet | Noticed a minotaur
 14350 | Gauntlet | 14350 ||| INVOKING Berserk.
 14360 | Gauntlet | Killed a minotaur
 14494 | Gauntlet | 14494 ||| READING scroll of enchant weapon.
 14494 | Gauntlet | 14494 ||| ENCHANTING +0 vampiric broad axe.
 14495 | Gauntlet | 14495 ||| READING 4 scrolls of identify.
 14495 | Gauntlet | 14495 ||| IDENTIFYING fizzy silvery potion
 14502 | Lair:3   | 14502 ||| PLANNING LAIR
 14553 | Lair:3   | 14553 ||| Stepping ~*~*~tactically~*~*~ (stealth).
 14555 | Lair:3   | 14555 ||| Stepping ~*~*~tactically~*~*~ (hiding).
 14668 | Lair:3   | 14668 ||| INVOKING Berserk.
 14671 | Lair:3   | Reached skill level 3 in Throwing
 14743 | Lair:3   | 14743 ||| Stepping ~*~*~tactically~*~*~ (stealth).
 14744 | Lair:3   | 14744 ||| Stepping ~*~*~tactically~*~*~ (stealth).
 14745 | Lair:3   | 14745 ||| Stepping ~*~*~tactically~*~*~ (stealth).
 14746 | Lair:3   | 14746 ||| Stepping ~*~*~tactically~*~*~ (stealth).
 14836 | Lair:3   | 14836 ||| INVOKING Berserk.
 14971 | Lair:3   | Found a staircase to the Swamp.
 14972 | Lair:3   | 14972 ||| Stepping ~*~*~tactically~*~*~ (stealth).
 14992 | Lair:3   | Reached skill level 14 in Axes
 15443 | Lair:4   | 15443 ||| Stepping ~*~*~tactically~*~*~ (stealth).
 15447 | Lair:4   | 15447 ||| INVOKING Berserk.
 15552 | Lair:4   | 15552 ||| Stepping ~*~*~tactically~*~*~ (stealth).
 15553 | Lair:4   | Found a staircase to the Slime Pits.
 15556 | Lair:4   | Found a viscous altar of Jiyva.
 15558 | Lair:4   | 15558 ||| INVOKING Berserk.
 15570 | Lair:4   | 15570 ||| DRINKING 2 potions of cancellation.
 15583 | Lair:4   | Reached skill level 12 in Shields
 15632 | Lair:4   | 15632 ||| Stepping ~*~*~tactically~*~*~ (stealth).
 15758 | Lair:4   | 15758 ||| Stepping ~*~*~tactically~*~*~ (stealth).
 15806 | Lair:4   | 15806 ||| Stepping ~*~*~tactically~*~*~ (stealth).
 15807 | Lair:4   | 15807 ||| INVOKING Berserk.
 16500 | Lair:5   | Entered Level 5 of the Lair of Beasts
 16501 | Lair:5   | 16501 ||| INVOKING Berserk.
 16510 | Lair:5   | Gained mutation: Your large and strong wings let you fly.
                  | [Gargoyle growth]
 16510 | Lair:5   | Reached XP level 14. HP: 90/90 MP: 14/14
 16512 | Lair:5   | 16512 ||| STAIRDANCE
 16624 | Lair:5   | Noticed a dire elephant
 16624 | Lair:5   | Noticed a dire elephant
 16624 | Lair:5   | Noticed a dire elephant
 16629 | Lair:5   | 16629 ||| Stepping ~*~*~tactically~*~*~ (stealth).
 16677 | Lair:5   | Reached skill level 15 in Axes
 16699 | Lair:5   | 16699 ||| INVOKING Berserk.
 16744 | Lair:5   | 16744 ||| FLEEEEING.
 16745 | Lair:5   | 16745 ||| Stepping ~*~*~tactically~*~*~ (hiding).
 16748 | Lair:5   | 16748 ||| FLEEEEING.
 16761 | Lair:5   | 16761 ||| INVOKING Berserk.
 16915 | Lair:5   | 16915 ||| INVOKING Brothers in Arms.
 16916 | Lair:5   | 16916 ||| INVOKING Brothers in Arms.
 16920 | Lair:5   | 16920 ||| INVOKING Berserk.
 17046 | Lair:5   | 17046 ||| INVOKING Berserk.
 17054 | Lair:5   | Killed a dire elephant
 17055 | Lair:5   | Reached skill level 12 in Fighting
 17068 | Lair:5   | Killed a dire elephant
 17073 | Lair:5   | Killed a dire elephant
 17262 | Lair:5   | Identified the ring "Feodo" {Will+ rCorr Int+6 Stlth+}
 17300 | Lair:5   | 17300 ||| Stepping ~*~*~tactically~*~*~ (stealth).
 17329 | Lair:5   | 17329 ||| INVOKING Berserk.
 17404 | Lair:5   | 17404 ||| INVOKING Berserk.
 17453 | Lair:5   | 17453 ||| INVOKING Berserk.
 17455 | Lair:5   | Reached skill level 16 in Axes
 17699 | Lair:5   | 17699 ||| Stepping ~*~*~tactically~*~*~ (stealth).
 17701 | Lair:5   | 17701 ||| Stepping ~*~*~tactically~*~*~ (stealth).
 17808 | Lair:5   | 17808 ||| INVOKING Brothers in Arms.
 17810 | Lair:5   | 17810 ||| SWAPPING to +3 morningstar of freezing.
 17811 | Lair:5   | 17811 ||| INVOKING Berserk.
 17823 | Lair:5   | 17823 ||| SWAPPING to +1 vampiric broad axe.
 18237 | Lair:5   | 18237 ||| Stepping ~*~*~tactically~*~*~ (stealth).
 18427 | Lair:5   | Identified the +0 leather armour of the Realm of Zot {rF+
                  | rC+ Dex+3 Stlth+}
 18590 | Lair:5   | 18590 ||| PLANNING D
 18590 | Lair:5   | 18590 ||| UPGRADING to +0 shadow dragon scales.
 18600 | Lair:5   | 18600 ||| DROPPING +0 plate armour.
 18601 | Lair:5   | 18601 ||| UPGRADING to +6 ring of strength.
 18603 | Lair:5   | 18603 ||| DROPPING ring of protection from cold.
 18604 | Lair:5   | 18604 ||| UPGRADING to ring "Feodo" {Will+ rCorr Int+6
                  | Stlth+}.
 18606 | Lair:5   | 18606 ||| DROPPING ring of resist corrosion.
 18607 | Lair:5   | 18607 ||| READING scroll labelled ONOSIX JIBIUFFOAXT.
 18719 | D:12     | Found Rofuaps's Self-Improvement Boutique.
 18725 | D:12     | 18725 ||| READING 2 scrolls of enchant armour.
 18725 | D:12     | 18725 ||| ENCHANTING +0 pair of gloves.
 18726 | D:12     | 18726 ||| READING scroll of enchant armour.
 18726 | D:12     | 18726 ||| ENCHANTING +1 pair of gloves.
 18770 | D:12     | 18770 ||| Stepping ~*~*~tactically~*~*~ (stealth).
 18771 | D:12     | 18771 ||| Stepping ~*~*~tactically~*~*~ (stealth).
 18776 | D:12     | 18776 ||| Stepping ~*~*~tactically~*~*~ (hiding).
 18783 | D:12     | 18783 ||| Stepping ~*~*~tactically~*~*~ (stealth).
 18810 | D:12     | 18810 ||| INVOKING Berserk.
 18824 | D:12     | Noticed Azrael
 18825 | D:12     | Reached skill level 3 in Dodging
 18828 | D:12     | 18828 ||| INVOKING Brothers in Arms.
 18830 | D:12     | HP: 19/92 [fire elemental[Azrael] (8)]
 18831 | D:12     | Reached XP level 15. HP: 10/96 MP: 15/15
 18831 | D:12     | 18831 ||| READING 11 scrolls of teleportation.
 18831 | D:12     | Slain by a fire elemental

Levels and vault maps discovered:
D:1:      minmay_arrival_plants_in_alcoves, layout_basic
D:2:      minmay_wonky_spiral, layout_loops_ring, minivault_14, minmay_cupped
D:3:      gammafunk_wand_slinger, layout_basic, trog_book
D:4:      layout_cave_pools, mainiacjoe_overflow_concentric_impassable,
          nemelex_spade_bored_becter, serial_shops, shop_statue,
          portal_sewer_entry_a, minmay_distorted, uniq_ijyb
D:5:      layout_loops_ring, serial_aquarium, aquarium_bridge_square
          [aquarium_subvault_bridge, aquarium_subvault_bridge,
          aquarium_subvault_bridge, aquarium_subvault_bridge],
          aquarium_window_2, aquarium_window_2, aquarium_view_2c,
          aquarium_view_2b, aquarium_balcony_double_4
D:6:      layout_basic, nicolae_overflow_hidden_temple,
          minmay_temple_entry_statues_fountains, serial_shops, shop,
          minmay_misc_feat_more_columns
D:7:      layout_basic, guppyfry_early_elven_hall
D:8:      layout_basic, worms_lemuel
D:9:      nzn_winding_woodlands_medium [nzn_winding_woodlands_5x5_closed_star,
          nzn_winding_woodlands_5x15_crooked, nzn_winding_woodlands_5x5_cross,
          nzn_winding_woodlands_hourglass, nzn_winding_woodlands_center_garden,
          nzn_winding_woodlands_5x5_default, nzn_winding_woodlands_5x5_default,
          nzn_winding_woodlands_5x15_longhouse,
          nzn_winding_woodlands_5x5_default], layout_basic,
          mainiacjoe_overflow_tiny_flanked
D:10:     layout_irregular_city, serial_shops, nicolae_shop_stone
D:11:     layout_basic, david_lair_generic, uniq_maurice
D:12:     layout_cross, hiddenorc1_lemuel, enter_trove_6,
          hellmonk_ghost_happy_afterlife, nicolae_shop_self_help, uniq_azrael
Lair:1:   wander_river, layout_cave_pods
Lair:2:   layout_layer_cave, infiniplex_staircase_pool_2, uniq_gastronok
Lair:3:   layout_gridlike, minmay_swamp_entry_swarm,
          guppyfry_snake_entry_island, gauntlet_entry_generic, st_stairs_5,
          chequers_serial_rivers_small_b
Lair:4:   layout_regular_city, minmay_slime_entry_oklob_open
Lair:5:   due_jungle_book, layout_regular_city, serial_bayou_shore_b

Skill      XL: |  1  2  3  4  5  6  7  8  9 10 11 12 13 14 |
---------------+-------------------------------------------+-----
Axes           | 3 4 5 6 7 9 10 11 12 13 14 16 | 16.0
Fighting       | 4 5 6 8 9 10 11 12 | 12.1
Armour         | 3 4 5 8 9 10 11 | 11.0
Throwing       | 1 2 4 5 |  5.2
Dodging        | 2 3 |  3.0
Shields        | 8 11 12 | 12.9

Action                   |  1- 3 |  4- 6 |  7- 9 | 10-12 | 13-15 || total
-------------------------+-------+-------+-------+-------+-------++-------
Melee: Hand axe          |    55 |       |       |       |       ||    55
       War axe           |    61 |    69 |   112 |   182 |       ||   424
       Punch             |     1 |     2 |       |       |       ||     3
       Broad axe         |       |       |       |   359 |   616 ||   975
       Morningstar       |       |       |       |    17 |     6 ||    23
Throw: Boomerang         |       |    38 |    34 |    85 |    56 ||   213
       Javelin           |       |       |       |       |    47 ||    47
Invok: Berserk           |     1 |     3 |     4 |    21 |    17 ||    46
       Brothers in Arms  |       |       |       |     4 |     4 ||     8
  Use: Scroll            |     5 |     6 |     4 |    11 |     6 ||    32
       Potion            |       |     1 |     3 |     3 |     1 ||     8
 Stab: Distracted        |       |       |     1 |     1 |       ||     2
       Petrified         |       |       |       |       |     5 ||     5
       Petrifying        |       |       |       |       |     1 ||     1
Armor: Animal skin       |    42 |    10 |       |       |       ||    52
       Scale mail        |       |     9 |       |       |       ||     9
       Chain mail        |       |    32 |    49 |     7 |       ||    88
       Plate armour      |       |       |       |   406 |   345 ||   751
       Shadow dragon sca |       |       |       |       |    42 ||    42
Dodge: Dodged            |    57 |    34 |    51 |   148 |   155 ||   445
Block: Kite shield       |       |       |       |   220 |   291 ||   511

Table legend:
 A = Non-vault XP
 B = Vault XP
 C = Vault XP percentage of total XP
 D = Non-vault monster count
 E = Vault monster count
 F = Vault count percentage of total count
                 A         B        C        D         E       F
            +---------+---------+-------+---------+---------+-------
      Total |   56554 |   30443 |  35.0 |     338 |     119 |  26.0
            +---------+---------+-------+---------+---------+-------
        D:1 |      32 |       0 |   0.0 |      16 |       0 |   0.0
        D:2 |      54 |       7 |  11.5 |      17 |       5 |  22.7
        D:3 |     129 |       0 |   0.0 |      25 |       0 |   0.0
        D:4 |     115 |     231 |  66.8 |      14 |      10 |  41.7
        D:5 |     728 |       0 |   0.0 |      23 |       0 |   0.0
        D:6 |     374 |       0 |   0.0 |      10 |       0 |   0.0
        D:7 |     708 |     585 |  45.2 |      15 |       1 |   6.2
        D:8 |    2137 |     484 |  18.5 |      19 |       3 |  13.6
        D:9 |     773 |    5137 |  86.9 |      13 |      23 |  63.9
       D:10 |    1802 |       0 |   0.0 |      14 |       0 |   0.0
       D:11 |    1938 |    1226 |  38.7 |      14 |       5 |  26.3
       D:12 |    2731 |     214 |   7.3 |       8 |      16 |  66.7
     Lair:1 |    5978 |       0 |   0.0 |      18 |       0 |   0.0
     Lair:2 |    5292 |    1461 |  21.6 |      23 |       1 |   4.2
     Lair:3 |    6869 |    2155 |  23.9 |      23 |      11 |  32.4
     Lair:4 |   10407 |    2191 |  17.4 |      41 |       4 |   8.9
     Lair:5 |   16487 |   13560 |  45.1 |      45 |      28 |  38.4
      Sewer |       0 |     148 | 100.0 |       0 |       6 | 100.0
   Gauntlet |       0 |    3044 | 100.0 |       0 |       6 | 100.0
            +---------+---------+-------+---------+---------+-------
